[Event "Late-Titled-Tuesday-Blitz-April-30-2024"]
[Site "Chess.com"]
[Date "2024.04.30"]
[Round "3"]
[White "marianokar"]
[Black "MKlose11"]
[Result "0-1"]
[WhiteElo "2435"]
[BlackElo "2637"]
[TimeControl "180+1"]
[EndTime "14:29:08 PDT"]
[Termination "MKlose11 won on time"]

1. b3 Nf6 2. Bb2 g6 3. Bxf6 exf6 4. c4 f5 5. Nc3 Bg7 6. e3 O-O 7. Nge2 c5 8. g3 Nc6 9. Bg2 d6 10. O-O Be6 11. Rc1 Qa5 12. d3 Rfd8 13. Qd2 Ne7 14.
Nf4 d5 15. cxd5 Nxd5 16. Nfxd5 Bxd5 17. Bxd5 Rxd5 18. Qc2 Rd7 19. Ne2 b6 20. Nf4 Rad8 21. Rfd1 Be5 22. Rd2 h5 23. a4 h4 24. Kg2 hxg3 25.
hxg3 Kg7 26. Rh1 Qa6 27. Ne2 Qb7+ 28. f3 Qa6 29. Nc1 Qa5 30. Rdd1 Qc3 31. Qxc3 Bxc3 32. Ne2 Bb4 33. d4 cxd4 34. Rxd4 Rxd4 35. Nxd4 Bc5 36. Rd1 Bxd4 37. Rxd4 Rc8 38. Rd7 Rc3 39. Rxa7 Rxe3 40. b4 Re2+ 41. Kf1 Rb2 42. a5 Rxb4 43. a6 Ra4 44.
Ke2 b5 45. f4 Ra3 46. Kf2 b4 47.
Rb7 Rxa6 48. Rxb4 Ra2+ 49. Kf3 Ra3+ 50. Kf2 Kh6 51. Rb7 Kh5 52. Rxf7 Kg4 53. Rg7 Ra2+ 54. Ke3 Ra3+ 55. Kd4 Kxg3 56. Rxg6+ Kxf4 0-1

[Event "Late-Titled-Tuesday-Blitz-April-30-2024"]
[Site "Chess.com"]
[Date "2024.04.30"]
[Round "3"]
[White "RuperezA"]
[Black "bobo_panda"]
[Result "1-0"]
[WhiteElo "2617"]
[BlackElo "2423"]
[TimeControl "180+1"]
[EndTime "14:29:08 PDT"]
[Termination "RuperezA won by checkmate"]

1. e4 c5 2. Nf3 d6 3. d4 cxd4 4. Nxd4 Nf6 5. Nc3 a6 6. Be2 e5 7. Nf3 Be7 8. Bg5 O-O 9. a4 Nc6 10. Bxf6 Bxf6 11. Nd5 Be6 12. c3 Bxd5 13. Qxd5 Qb6 14.
b4 Ne7 15. Qd2 Rad8 16. c4 Nc6 17. Rb1 a5 18. b5 Nb4 19. O-O Qc5 20. Rfd1 Be7 21.
Rb3 h6 22. Qe3 Rc8 23. g3 f5 24. exf5 Rxf5 25. Qxc5 Rxc5 26. Nd2 Rc8 27. Bg4 Rff8 28. Bxc8 Rxc8 29. Ne4 Rxc4 30. Nxd6 Rc7 31. Nf5 Bf6 32. Rb2 Kh7 33. Rbd2 Kg6 34. Ne3 Bg5 35. Rd7 Rc3 36.
R1d6+ Kh7 37. Nf5 e4 38. Rxg7+ Kh8 39. h4 Be3 40. Rd8# 1-0

[Event "Late-Titled-Tuesday-Blitz-April-30-2024"]
[Site "Chess.com"]
[Date "2024.04.30"]
[Round "3"]
[White "stasOR4ik"]
[Black "Navyblue1"]
[Result "1-0"]
[WhiteElo "2460"]
[BlackElo "2237"]
[TimeControl "180+1"]
[EndTime "14:29:08 PDT"]
[Termination "stasOR4ik won by resignation"]

1. e4 c5 2. c3 Nf6 3. e5 Nd5 4. Nf3 Nc6 5. Bc4 Nb6 6. Bb3 d6 7.
exd6 Qxd6 8. O-O Bf5 9. a4 e6 10. a5 Nd5 11. d4 cxd4 12. Nxd4 Nxd4 13. Qxd4 b5 14. c4 Nc7 15. Qxd6 Bxd6 16. cxb5 Nxb5 17. Ba4 Rb8 18. Nc3 a6 19. Rd1 Be5 20. Bxb5+ axb5 21. a6 Bxc3 22. bxc3 O-O 23. a7 Ra8 24. Be3 h5 25.
Rd7 Rfc8 26. Bd4 f6 27. Rb7 e5 28. Be3 Bd3 29. f3 e4 30. Kf2 exf3 31. gxf3 Bc4 32. Rd1 Be6 33. Rd6 Bf5 34. Rxb5 Bg6 35. Rb7 Bf5 36. Bd4 Bh3 37. Kg3 Bf5 38. Kh4 Bg6 39. Rdd7 Kf8 40. Rxg7 Bf7 41. Rbxf7+ 1-0

[Event "Late-Titled-Tuesday-Blitz-April-30-2024"]
[Site "Chess.com"]
[Date "2024.04.30"]
[Round "3"]
[White "manmanlai1"]
[Black "ameetghasi100"]
[Result "0-1"]
[WhiteElo "2551"]
[BlackElo "2825"]
[TimeControl "180+1"]
[EndTime "14:29:09 PDT"]
[Termination "ameetghasi100 won by resignation"]

1. e4 g6 2. d4 Bg7 3. Nf3 d6 4. Bc4 Nf6 5. Qe2 O-O 6. e5 dxe5 7. dxe5 Nd5 8. O-O c6 9. h3 Qc7 10. Re1 a5 11. a3 Na6 12. Nbd2 b5 13. Ba2 Rd8 14. Nf1 Nc5 15. Bg5 Ba6 16. c4 b4 17.
Rac1 Nb6 18. Bb1 bxa3 19. bxa3 Nba4 20. h4 Rab8 21. h5 Rxb1 22. Rxb1 Nc3 23. Qe3 Nd3 24. hxg6 hxg6 25. e6 f5 26. Nh4 Bd4 27. Qxd3 Bxf2+ 28. Kxf2 Rxd3 29. Rb2 Ne4+ 30. Rxe4 fxe4 31. Nxg6 Bxc4 32. Nxe7+ Kh7 33. Ne3 Bxe6 34. Rb1 Rd2+ 35. Ke1 Ra2 36. Bh4 Qf4 37. Bf2 Qxf2+ 0-1

[Event "Late-Titled-Tuesday-Blitz-April-30-2024"]
[Site "Chess.com"]
[Date "2024.04.30"]
[Round "3"]
[White "Revan_2002"]
[Black "Attacker_2006"]
[Result "1-0"]
[WhiteElo "2760"]
[BlackElo "2499"]
[TimeControl "180+1"]
[EndTime "14:29:12 PDT"]
[Termination "Revan_2002 won on time"]

1. Nf3 g6 2. d4 Bg7 3. c4 d6 4. e3 Nc6 5. Be2 e5 6. O-O f5 7. dxe5 Nxe5 8. Nc3 Nxf3+ 9. Bxf3 Bxc3 10. bxc3 Nf6 11. Rb1 Rb8 12. Qa4+ Bd7 13. Qxa7 Ra8 14. Qxb7 Rxa2 15. c5 Ra5 16. cxd6 cxd6 17. Rd1 O-O 18.
Rxd6 Qe8 19. Qb4 Re5 20. c4 g5 21. Bb2 Re6 22. Bxf6 Rexf6 23. Bd5+ Kh8 24. Qc3 Qe7 25. Rbb6 Kg7 26. h4 Kg6 27. h5+ Kg7 28. Rxd7 Qxd7 29.
Rb7 Qxb7 30. Bxb7 Rb8 31. Bd5 Rb6 32. c5 Rb5 33. e4 fxe4 34. h6+ Kg6 35. Bxe4+ Kh5 36.
Qxf6 Rxc5 37. Bf3+ Kh4 38. Kh2 1-0

[Event "Late-Titled-Tuesday-Blitz-April-30-2024"]
[Site "Chess.com"]
[Date "2024.04.30"]
[Round "3"]
[White "Lady_Nika"]
[Black "BeautiFullMindChess"]
[Result "1-0"]
[WhiteElo "2483"]
[BlackElo "2247"]
[TimeControl "180+1"]
[EndTime "14:29:12 PDT"]
[Termination "Lady_Nika won on time"]

1. g4 d5 2. h3 c5 3. Bg2 Nc6 4. b3 e5 5. Bb2 Be6 6. d3 h5 7. gxh5 Nf6 8. Nd2 Nxh5 9. e3 Be7 10. Qe2 Qc7 11. O-O-O Nf6 12. c4 O-O-O 13. Ngf3 d4 14. Ng5 Nb4 15. Nxe6 fxe6 16. Nf3 Nxa2+ 17. Kb1 Nb4 18. exd4 exd4 19. Qxe6+ Kb8 20. Ba3 Nc6 21. Rhe1 Rd6 22. Qe2 Qa5 23. Qb2 Bd8 24. Ng5 Rf8 25. Ne6 Re8 26. Bd5 Nxd5 27. cxd5 Nb4 28. Nxd8 Rexd8 29. Bxb4 cxb4 30. Qxd4 Rxd5 31. Qf4+ Ka8 32. Qc4 a6 33.
Re2 Rc5 34. Qe6 Rc3 35. d4 Qa3 36. Rb2 Rdc8 37. d5 Rxb3 38. Qxc8+ Ka7 39. Qc5+ Ka8 40. Qc2 Rc3 41. Qe2 Qa4 42. Ra2 Ra3 43. Rxa3 1-0

[Event "Late-Titled-Tuesday-Blitz-April-30-2024"]
[Site "Chess.com"]
[Date "2024.04.30"]
[Round "3"]
[White "sassassasss"]
[Black "protectiago"]
[Result "1-0"]
[WhiteElo "2382"]
[BlackElo "2038"]
[TimeControl "180+1"]
[EndTime "14:29:12 PDT"]
[Termination "sassassasss won on time"]

1. e4 e5 2. Nf3 Nc6 3. c3 Nf6 4. d4 exd4 5. e5 Qe7 6. cxd4 Nd5 7. Bc4 Qb4+ 8. Nbd2 Nb6 9. a3 Qa5 10. Ba2 Qa6 11. Qb3 d5 12. exd6 Be6 13. Qe3 O-O-O 14. Bxe6+ fxe6 15. Qxe6+ Nd7 16. dxc7 Kxc7 17. d5 Nc5 18.
Qf7+ Rd7 19. Qf4+ Bd6 20. Qc4 Nd3+ 21. Kf1 Qxc4 22. Nxc4 Nce5 23. Ncxe5 Bxe5 24. Nxe5 Nxe5 25. Bf4 Rxd5 26. Rc1+ Kd6 27. g3 Ke6 28. Re1 Rhd8 29. Kg2 Kf5 30. Bxe5 Rxe5 31. Rxe5+ Kxe5 32. Re1+ Kf6 33. Re2 Rd5 34. Rc2 b5 35. h3 a5 36. Kf3 g5 37.
Ke3 h5 38. Rd2 Re5+ 39. Kd3 b4 40. axb4 axb4 41. Kc4 Re4+ 42. Kb3 g4 43. hxg4 hxg4 44. Ka4 Ke5 45. b3 Re1 46. Kxb4 Ke4 47. Rc2 Ra1 48. Kc3 Rb1 49. b4 1-0

[Event "Late-Titled-Tuesday-Blitz-April-30-2024"]
[Site "Chess.com"]
[Date "2024.04.30"]
[Round "3"]
[White "profedechess93"]
[Black "TigrVShlyape"]
[Result "0-1"]
[WhiteElo "2670"]
[BlackElo "2928"]
[TimeControl "180+1"]
[EndTime "14:29:15 PDT"]
[Termination "TigrVShlyape won by resignation"]

1. e4 e5 2. Nf3 Nc6 3. Bc4 Nf6 4. d3 h6 5. c3 d6 6. Bb3 g6 7. Qe2 Bg7 8. Nbd2 O-O 9. Nf1 Na5 10. Bc2 c5 11. h3 d5 12. Ng3 Re8 13. Bd2 b6 14. O-O-O Ba6 15. Nh2 dxe4 16. Nxe4 Nxe4 17. Qxe4 f5 18. Qf3 Bb7 19. Qe2 Qd5 20. Kb1 Rad8 21. Rhg1 Kh8 22. g4 f4 23. h4 Qf7 24. Nf3 Bd5 25.
b3 Nc6 26. Bc1 b5 27. Nd2 f3 28. Qe3 Nd4 29. Ne4 Nxc2 30. Kxc2 c4 31. bxc4 bxc4 32. dxc4 Bxc4 33. Nd6 Rxd6 34. Rxd6 Bxa2 35. Bb2 e4 36. Qd2 Bc4 37. Rd7 Bd3+ 38. Rxd3 exd3+ 39. Qxd3 Re2+ 40. Kb1 Rxf2 41. Re1 Rg2 42. Qd8+ Kh7 43.
Re7 Qxe7 44. Qxe7 f2 0-1

[Event "Late-Titled-Tuesday-Blitz-April-30-2024"]
[Site "Chess.com"]
[Date "2024.04.30"]
[Round "3"]
[White "Artem_Koval"]
[Black "Byniolus"]
[Result "0-1"]
[WhiteElo "2557"]
[BlackElo "2834"]
[TimeControl "180+1"]
[EndTime "14:29:18 PDT"]
[Termination "Byniolus won on time"]

1. d4 d6 2. e4 Nf6 3. Nc3 c6 4.
Nf3 Bg4 5. Be2 e6 6. O-O Be7 7. a4 d5 8. e5 Nfd7 9. Nb1 c5 10. c3 Nc6 11. Na3 O-O 12. Nc2 cxd4 13. cxd4 Rc8 14. Be3 Qb6 15. h3 Bf5 16. Bd3 Bxd3 17. Qxd3 Na5 18.
b4 Nc4 19. Rab1 a6 20. Rfc1 h6 21. Na3 Nxa3 22. Qxa3 Rxc1+ 23. Qxc1 Bxb4 24. Qb2 Ba5 25. Qc1 Qc6 26. Qxc6 bxc6 27. Rb7 Nb6 28. Ra7 Ra8 29.
Rc7 Nxa4 30. Rxc6 Bb4 31. g4 a5 32. h4 Nb2 33. Rb6 Nc4 34. Rb7 Bc3 35. g5 Nxe3 36.
fxe3 a4 37. gxh6 gxh6 38. Kf2 a3 0-1

[Event "Late-Titled-Tuesday-Blitz-April-30-2024"]
[Site "Chess.com"]
[Date "2024.04.30"]
[Round "3"]
[White "vladgoncharov"]
[Black "Zapateado"]
[Result "1-0"]
[WhiteElo "2605"]
[BlackElo "2385"]
[TimeControl "180+1"]
[EndTime "14:29:18 PDT"]
[Termination "vladgoncharov won on time"]

1. d4 Nf6 2. c4 b6 3. Nc3 Bb7 4. d5 e6 5. e4 exd5 6. exd5 Bb4 7. Bd3 O-O 8. Ne2 c6 9. O-O Na6 10. Bg5 h6 11. Bh4 Nc5 12. Bc2 g5 13. Bg3 cxd5 14.
cxd5 Ba6 15. Re1 Re8 16. a3 Bxc3 17. Nxc3 Rxe1+ 18. Qxe1 Qe8 19. b4 Qxe1+ 20. Rxe1 Nd3 21. Re3 Nf4 22. b5 N4xd5 23. bxa6 Nxe3 24. fxe3 Rc8 25. Be1 Nd5 26. Nxd5 Rxc2 27. Bb4 Kg7 28. Nc3 f5 29. Nb5 Rc8 30. Bc3+ Kg6 31. Bd4 d5 32. Nxa7 Ra8 33.
Bxb6 Kf7 34. a4 Ke6 35. a5 Ke5 36. Kf2 Ke4 37. Ke2 f4 38. exf4 gxf4 39. Nb5 Rxa6 40. Nc7 1-0

[Event "Late-Titled-Tuesday-Blitz-April-30-2024"]
[Site "Chess.com"]
[Date "2024.04.30"]
[Round "3"]
[White "cristiano78"]
[Black "WindWhistler11"]
[Result "0-1"]
[WhiteElo "2292"]
[BlackElo "2560"]
[TimeControl "180+1"]
[EndTime "14:29:18 PDT"]
[Termination "WindWhistler11 won by resignation"]

1. d4 Nf6 2. c4 e6 3. Nf3 c5 4. d5 exd5 5. cxd5 Bd6 6. Nc3 O-O 7.
h3 Re8 8. Bg5 Bc7 9. e3 d6 10. Bb5 Nbd7 11. O-O a6 12. Bxd7 Bxd7 13. a4 h6 14. Bxf6 Qxf6 15. e4 Ba5 16. Qc2 Bxc3 17.
bxc3 Qg6 18. Kh2 Qxe4 19. Qxe4 Rxe4 20. Rfb1 Rb8 21. Rb6 Rxa4 22. Re1 Kf8 23. Rxd6 Bf5 24. Ne5 Re8 25. g4 Bc8 26. Kg3 f6 27. Ng6+ Kf7 28. Rxe8 Kxe8 29. Nf4 Rc4 30. Ne6 Rxc3+ 31. f3 Bxe6 32.
Rxe6+ Kd7 33. Rb6 Kc7 34. Re6 Rd3 35. Re7+ Kb6 36. Rxg7 Rxd5 37. Rg6 Rd6 38. Rxh6 c4 39. g5 c3 40. Rxf6 Rc6 41. Rxc6+ Kxc6 42. g6 c2 43. Kg4 c1=Q 44. f4 Kd7 45. Kg5 Ke7 46. h4 Qg1+ 47. Kh6 Kf6 48. h5 Qg4 0-1

[Event "Late-Titled-Tuesday-Blitz-April-30-2024"]
[Site "Chess.com"]
[Date "2024.04.30"]
[Round "3"]
[White "lucasran"]
[Black "kalxandria"]
[Result "1-0"]
[WhiteElo "2556"]
[BlackElo "2237"]
[TimeControl "180+1"]
[EndTime "14:29:18 PDT"]
[Termination "lucasran won on time"]

1. c4 e5 2. g3 Nc6 3. Bg2 g6 4. Nc3 Bg7 5. Rb1 h5 6. b4 d6 7. b5 Nd4 8. e3 Ne6 9. h4 Ne7 10. d3 O-O 11. Nge2 c6 12. Ba3 f5 13. bxc6 bxc6 14.
Nb5 Qa5+ 15. Bb4 Qxa2 16. Bxd6 Re8 17. Bxe7 Rxe7 18. Bxc6 Rb8 19. O-O f4 20. Nec3 Qa6 21.
Nd5 Rf7 22. Be8 Rf8 23. Bxg6 f3 24. Bxh5 Nc5 25. Bxf3 Qg6 26. e4 Qf7 27. Bg2 Ne6 28. Nd6 Qd7 29. Rxb8 Qxd6 30. Qb1 Nd4 31. Kh2 Nf3+ 32.
Bxf3 1-0

[Event "Late-Titled-Tuesday-Blitz-April-30-2024"]
[Site "Chess.com"]
[Date "2024.04.30"]
[Round "3"]
[White "Davidalhesa2007"]
[Black "TheAlienParty"]
[Result "1-0"]
[WhiteElo "1913"]
[BlackElo "2429"]
[TimeControl "180+1"]
[EndTime "14:29:19 PDT"]
[Termination "Davidalhesa2007 won by checkmate"]

1. d4 Nf6 2. Bf4 d5 3. Nc3 e6 4. Nb5 Na6 5. e3 c6 6. Nc3 Nc7 7. Nf3 Bd6 8. Ne5 O-O 9. Bd3 Nce8 10. Qf3 Bb4 11. Qh3 Nd6 12. O-O Nde4 13. f3 Bxc3 14.
bxc3 Nd6 15. Bg5 g6 16. Qh4 Nde8 17. Ng4 Kg7 18. Bh6+ Kg8 19. Bxf8 Kxf8 20. e4 h5 21. e5 hxg4 22. fxg4 Qa5 23. exf6 Kg8 24. Qh6 Qxc3 25.
Bxg6 Nxf6 26. Rxf6 Qxa1+ 27. Kf2 Qxd4+ 28. Kg3 Qxf6 29. Bh7+ Kh8 30. Qxf6+ Kxh7 31. Qxf7+ Kh8 32. g5 Bd7 33. Qxd7 Rg8 34. Qxe6 Rxg5+ 35. Kf4 Rg7 36. Qh6+ Rh7 37. Qf8# 1-0

[Event "Late-Titled-Tuesday-Blitz-April-30-2024"]
[Site "Chess.com"]
[Date "2024.04.30"]
[Round "3"]
[White "Mikhail_Golubev"]
[Black "traack"]
[Result "1-0"]
[WhiteElo "2630"]
[BlackElo "2434"]
[TimeControl "180+1"]
[EndTime "14:29:21 PDT"]
[Termination "Mikhail_Golubev won on time"]

1. e4 c5 2. Nf3 d6 3. d4 cxd4 4. Nxd4 Nf6 5. Nc3 Nc6 6. Bc4 Qb6 7. Nb3 e6 8. Bf4 Ne5 9. Be2 Be7 10. g4 O-O 11. g5 Nfd7 12. Qd2 a6 13. O-O-O Qc7 14.
h4 b5 15. h5 Bb7 16. a3 Nc5 17. Nxc5 Qxc5 18. Be3 Qc7 19. g6 fxg6 20. f4 Nc4 21. Bxc4 Qxc4 22. hxg6 hxg6 23. Qg2 d5 24. Qxg6 Rf6 25.
Qh7+ Kf7 26. e5 Rg6 27. Qh5 d4 28. Rhg1 dxc3 29. Qxg6+ Kf8 30. Qxg7+ Ke8 31. Qg8+ Bf8 32. Rg7 cxb2+ 33. Kb1 1-0

[Event "Late-Titled-Tuesday-Blitz-April-30-2024"]
[Site "Chess.com"]
[Date "2024.04.30"]
[Round "3"]
[White "DishonorOnYourCow"]
[Black "Darkbluelord"]
[Result "0-1"]
[WhiteElo "2530"]
[BlackElo "2193"]
[TimeControl "180+1"]
[EndTime "14:29:21 PDT"]
[Termination "Darkbluelord won by checkmate"]

1. d4 c5 2. d5 d6 3. c4 b5 4. e4 b4 5. f4 Nd7 6. Bd3 g6 7.
Nf3 Bg7 8. O-O Ngf6 9. e5 dxe5 10. fxe5 Ng4 11. e6 Nde5 12. Nxe5 Nxe5 13. exf7+ Nxf7 14. Nd2 O-O 15. Nf3 Bg4 16. Be3 Ne5 17. Be2 Bxf3 18. gxf3 Rb8 19. Bxc5 Rc8 20. Bd4 e6 21. f4 Nxc4 22.
Bxg7 Kxg7 23. Qd4+ Qf6 24. Qxa7+ Rf7 25. Qa6 Qd4+ 26. Kh1 Qxd5+ 27. Bf3 Qd8 28. Qxe6 Nd2 29.
Rad1 Rc2 30. Be4 Re7 31. Qd5 Qxd5 32. Bxd5 Nxf1 33. Rxf1 Rxb2 34. f5 gxf5 35. Rg1+ Kf6 36. Bb3 Rd2 37. Rc1 Ree2 38. Rc6+ Ke5 39. Rh6 Re1# 0-1

[Event "Late-Titled-Tuesday-Blitz-April-30-2024"]
[Site "Chess.com"]
[Date "2024.04.30"]
[Round "3"]
[White "QuintilianoR"]
[Black "2346PL"]
[Result "1-0"]
[WhiteElo "2706"]
[BlackElo "2478"]
[TimeControl "180+1"]
[EndTime "14:29:22 PDT"]
[Termination "QuintilianoR won by resignation"]

1. Nf3 d6 2. g3 f5 3. d4 Nf6 4. Bg2 g6 5. O-O Bg7 6. Nc3 O-O 7. Qd3 d5 8. Bf4 c6 9. a4 a5 10. Be5 h6 11. e3 g5 12. Ne2 Nbd7 13. c4 e6 14. Bd6 Re8 15. b3 Nf8 16. Be5 Ng6 17. Nc3 Ne4 18. Bxg7 Kxg7 19. Nd2 Bd7 20. Ndxe4 fxe4 21. Qe2 Rf8 22. f3 exf3 23. Bxf3 Qb6 24. Rab1 e5 25.
cxd5 exd4 26. dxc6 Bxc6 27. Nb5 dxe3 28. Bxc6 bxc6 29.
Nd6 Qc5 30. Nc4 Rae8 31. Rxf8 Nxf8 32. Re1 Nd7 33. Nxe3 Nf6 34. Qf2 Kg8 35. Qxf6 Rxe3 36. Qg6+ Kf8 37. Qxh6+ Ke8 38. Qg6+ Kd7 39. Rxe3 Qxe3+ 40. Kg2 Qxb3 41. Qf5+ Kc7 42. Qxa5+ Kd6 43. Qd8+ Kc5 44.
Qxg5+ Kb4 45. Qf4+ Ka5 46. Qc7+ Kxa4 47. Qxc6+ Ka3 48. Qf3 1-0

[Event "Late-Titled-Tuesday-Blitz-April-30-2024"]
[Site "Chess.com"]
[Date "2024.04.30"]
[Round "3"]
[White "disciplinedbrat"]
[Black "e4evr"]
[Result "1-0"]
[WhiteElo "2429"]
[BlackElo "2215"]
[TimeControl "180+1"]
[EndTime "14:29:22 PDT"]
[Termination "disciplinedbrat won by checkmate"]

1. h3 a5 2. a3 Ra6 3. Nc3 Rg6 4. d4 e6 5. e4 c5 6. Nf3 cxd4 7. Qxd4 Nc6 8. Qa4 Bc5 9. Bf4 Nge7 10. Nb5 O-O 11. O-O-O e5 12. Nxe5 Nxe5 13. Bxe5 Nc6 14. Bc7 Qg5+ 15. f4 Qe7 16. Kb1 b6 17. e5 Rg3 18.
f5 Nxe5 19. Qf4 Re3 20. Bd6 Bxd6 21. Qxe3 Bc5 22. Qe4 Re8 23. Nc7 Rd8 24. Nd5 Qd6 25. f6 Qe6 26. fxg7 f5 27. Qh4 Nf7 28. Bc4 Kxg7 29.
Nf4 Qh6 30. Nh5+ Kh8 31. Bxf7 Rg8 32. Bxg8 Kxg8 33. Qd8+ Bf8 34. Nf6+ Kf7 35. Qxc8 Qxf6 36. Qxd7+ Kg6 37. Rhe1 Kh5 38. g4+ Kh4 39. Qxf5 Bg7 40. Qxf6+ Bxf6 41. Rf1 Be5 42. Rd5 Bg3 43. Rh5# 1-0

[Event "Late-Titled-Tuesday-Blitz-April-30-2024"]
[Site "Chess.com"]
[Date "2024.04.30"]
[Round "3"]
[White "ArtemDyachuk"]
[Black "AryanTari"]
[Result "0-1"]
[WhiteElo "2701"]
[BlackElo "3009"]
[TimeControl "180+1"]
[EndTime "14:29:24 PDT"]
[Termination "AryanTari won by resignation"]

1. e4 e5 2. Nf3 Nc6 3. Bb5 Nge7 4. d4 exd4 5. Nxd4 Ng6 6. O-O Bc5 7. Nb3 Bb6 8. Nc3 O-O 9. Nd5 d6 10. a4 Nce7 11. Bg5 c6 12. Nxb6 axb6 13. Bd3 h6 14.
Be3 Ne5 15. Be2 Be6 16. Qd2 Nc4 17. Bxc4 Bxc4 18. Rfd1 d5 19. exd5 Nxd5 20. Bd4 Qh4 21. g3 Qg4 22. a5 Bxb3 23. cxb3 bxa5 24. Re1 Rfd8 25. Bc5 Nb4 26. Qe2 Qxe2 27. Rxe2 Nd3 28. Bb6 Rd5 29. Rd1 Nf4 30. Red2 Rxd2 31. Rxd2 Nd5 32.
Bc5 Re8 33. Kg2 f5 34. Bd4 Kf7 35. Kf3 g5 36. h4 g4+ 37. Kg2 h5 38. Rc2 f4 39.
gxf4 Nxf4+ 40. Kf1 Rd8 41. Bc3 Rd1+ 42. Be1 Nd3 43. Re2 Rxe1+ 44. Rxe1 Nxe1 45. Kxe1 Ke6 46. f3 Kf5 47. fxg4+ Kxg4 0-1

[Event "Late-Titled-Tuesday-Blitz-April-30-2024"]
[Site "Chess.com"]
[Date "2024.04.30"]
[Round "3"]
[White "komogro"]
[Black "MatthewG-p4p"]
[Result "0-1"]
[WhiteElo "2568"]
[BlackElo "2856"]
[TimeControl "180+1"]
[EndTime "14:29:24 PDT"]
[Termination "MatthewG-p4p won on time"]

1. Nf3 c5 2. g3 g6 3. Bg2 Bg7 4. c3 e5 5. d3 Nc6 6. O-O Nge7 7. e4 O-O 8. Nbd2 d6 9. a4 h6 10. Nc4 Be6 11. Nfd2 Qd7 12. a5 Rad8 13. Qa4 f5 14. f4 fxe4 15. Nxe4 exf4 16. Bxf4 Bxc4 17. dxc4 Nf5 18. Rad1 Qe7 19. Rfe1 Ne5 20. Qc2 g5 21. Bc1 Qf7 22. Rf1 Qh5 23. Nxg5 hxg5 24. Bd5+ Kh8 25.
Rde1 Ng4 26. Qg2 Nfe3 27. Bxe3 Rxf1+ 28. Kxf1 Nxe3+ 29. Rxe3 Qd1+ 30. Re1 Rf8+ 0-1

[Event "Late-Titled-Tuesday-Blitz-April-30-2024"]
[Site "Chess.com"]
[Date "2024.04.30"]
[Round "3"]
[White "Individoom"]
[Black "maximnovik"]
[Result "1-0"]
[WhiteElo "2783"]
[BlackElo "2501"]
[TimeControl "180+1"]
[EndTime "14:29:24 PDT"]
[Termination "Individoom won on time"]

1. b3 Nf6 2. Bb2 g6 3. e3 Bg7 4.
Nf3 O-O 5. Be2 d5 6. O-O c5 7. d4 Ne4 8. c4 Nc6 9. h3 Bf5 10. Nc3 Nxc3 11. Bxc3 dxc4 12. bxc4 Rc8 13. Qd2 cxd4 14. exd4 b6 15. Rfd1 Na5 16. Bxa5 bxa5 17.
Rac1 Qc7 18. Qe3 Rfd8 19. c5 Be6 20. Bc4 Bxc4 21. Rxc4 Rd5 22. Rb1 Rcd8 23. Qe4 e6 24. c6 Rc8 25. Rb7 Qd6 26. Rd7 Qb8 27. Rxd5 exd5 28. Qxd5 Qb1+ 29. Kh2 Qxa2 30. c7 Bf8 31. Qc6 Qxf2 32. d5 Qe3 33. d6 Qe6 34. d7 Bd6+ 35.
Kh1 Rxc7 36. d8=Q+ Kg7 37. Qdxc7 Qe2 38. Q6xd6 Qf1+ 39. Ng1 Qf2 40. Qe5+ Kh6 41. Qf4+ 1-0

[Event "Late-Titled-Tuesday-Blitz-April-30-2024"]
[Site "Chess.com"]
[Date "2024.04.30"]
[Round "3"]
[White "Zhigalko_Sergei"]
[Black "yaguigor"]
[Result "1-0"]
[WhiteElo "2871"]
[BlackElo "2569"]
[TimeControl "180+1"]
[EndTime "14:29:25 PDT"]
[Termination "Zhigalko_Sergei won by resignation"]

1. e4 c5 2. Nf3 Nc6 3. c3 Nf6 4. e5 Nd5 5. Bc4 e6 6. d4 cxd4 7. cxd4 d6 8. O-O Be7 9. Bd2 O-O 10. Nc3 Nxc3 11. Bxc3 dxe5 12. dxe5 a6 13. Qe2 b5 14. Bd3 Bb7 15. a3 Qb6 16. b4 Rad8 17. Rfe1 Rd7 18.
Rac1 Rfd8 19. Bb1 a5 20. Qe4 g6 21. Qf4 axb4 22. axb4 Bf8 23. Ng5 Nd4 24. Ne4 Bxe4 25. Bxe4 Bg7 26. h4 h5 27. g4 hxg4 28. Qxg4 Nf5 29. h5 gxh5 30. Qxh5 Rd2 31. Bxd2 Rxd2 32. Rc8+ Rd8 33. Rxd8+ Qxd8 34. Bxf5 exf5 35. Qxf5 Qd2 36. Re4 Qc1+ 37. Kg2 Qc6 38. e6 1-0

[Event "Late-Titled-Tuesday-Blitz-April-30-2024"]
[Site "Chess.com"]
[Date "2024.04.30"]
[Round "3"]
[White "Durarbayli"]
[Black "mortngabriel"]
[Result "1-0"]
[WhiteElo "2922"]
[BlackElo "2524"]
[TimeControl "180+1"]
[EndTime "14:29:25 PDT"]
[Termination "Durarbayli won on time"]

1. e4 c5 2. Nf3 a6 3. c3 d5 4. e5 Nc6 5. d4 Bg4 6. Be3 cxd4 7. cxd4 Qb6 8. Nbd2 e6 9. Be2 Nge7 10. O-O Nf5 11. h3 Bxf3 12. Nxf3 Be7 13. Bd3 Nxe3 14. fxe3 O-O 15.
Qc2 h6 16. Qe2 Rac8 17. Rad1 Nb4 18. Bb1 Rc7 19. a3 Nc6 20. Qd3 g6 21. Rf2 Na5 22.
h4 Qb3 23. h5 Qxd3 24. Bxd3 g5 25. Nh2 Nc4 26. Ng4 Kg7 27. a4 b5 28. axb5 axb5 29. Ra1 b4 30. Ra6 Rfc8 31. b3 Na3 32. Nxh6 Kxh6 33.
Rxf7 Kxh5 34. Rxe6 Kg4 35. Be2+ Kg3 36. Rf3+ Kh4 37.
Rh6+ Kg4 38. Rf4+ 1-0

[Event "Late-Titled-Tuesday-Blitz-April-30-2024"]
[Site "Chess.com"]
[Date "2024.04.30"]
[Round "3"]
[White "masterofpuppets2"]
[Black "balachess2006"]
[Result "0-1"]
[WhiteElo "2473"]
[BlackElo "2691"]
[TimeControl "180+1"]
[EndTime "14:29:25 PDT"]
[Termination "balachess2006 won by checkmate"]

1. d4 Nf6 2. c4 d6 3. Nc3 e5 4. d5 Be7 5. e4 O-O 6. g3 a5 7.
Bg2 Na6 8. Nge2 Nc5 9. Qc2 Ne8 10.
O-O f5 11. Be3 b6 12. f4 exf4 13. Nxf4 fxe4 14. Bxc5 bxc5 15. Bxe4 Nf6 16. Ne6 Bxe6 17. dxe6 Nxe4 18. Qxe4 Rb8 19. Rxf8+ Qxf8 20. Rf1 Qe8 21. b3 Bf6 22. Nd5 Bd4+ 23. Kg2 c6 24. e7 cxd5 25. Qxd5+ Kh8 26. Rf8+ Qxf8 27. exf8=Q+ Rxf8 28. Qxd6 Rf2+ 29. Kh3 h6 30. Qd8+ Kh7 31. Qxa5 h5 32. b4 g5 33.
Qc7+ Kh6 34. Qd6+ Rf6 35. Qd5 Rf2 36. Qe6+ Rf6 37. Qe4 g4+ 38. Kh4 Rf2 39. Qf4+ Rxf4 40. gxf4 Bf2# 0-1

[Event "Late-Titled-Tuesday-Blitz-April-30-2024"]
[Site "Chess.com"]
[Date "2024.04.30"]
[Round "3"]
[White "GoltsevDmitry2000"]
[Black "HansOnTwitch"]
[Result "1-0"]
[WhiteElo "2817"]
[BlackElo "3192"]
[TimeControl "180+1"]
[EndTime "14:29:28 PDT"]
[Termination "GoltsevDmitry2000 won by resignation"]

1. e4 c6 2. e5 d5 3. exd6 Qxd6 4. d4 Nf6 5. Nf3 Bg4 6. Be2 Nbd7 7. h3 Bh5 8. c3 e6 9. O-O Qc7 10. Nbd2 Be7 11. Nc4 O-O 12. Bg5 h6 13. Bh4 Nd5 14. Bxe7 Nxe7 15. Nfe5 Bxe2 16. Qxe2 Nf6 17. Rfe1 Rad8 18.
Rad1 Ned5 19. Ne3 Nxe3 20. Qxe3 Rd5 21. Qf3 Rfd8 22. Nd3 a5 23. Re5 a4 24. Rde1 a3 25. b3 b6 26. Nb4 Rxe5 27. dxe5 Nd5 28. Nc2 Qe7 29. Rd1 Ra8 30. c4 Nb4 31. Nxb4 Qxb4 32. Qxc6 Rf8 33. Qd6 Qc3 34. Qd4 Qc2 35. Qd2 Qf5 36. Qe3 Qc2 37. Qd2 Qf5 38. Qc3 Rc8 39.
Qd4 Rc5 40. f4 g5 41. Qd8+ Kg7 42. Qxb6 Rc8 43. Qd4 g4 44. hxg4 Qxg4 45. Rd2 Qg3 46. Qf2 Qc3 47. Kh2 Rg8 48. Qg3+ Qxg3+ 49. Kxg3 Kg6 50.
Kf3 Kf5 51. c5 h5 52. c6 h4 53. Rc2 1-0

[Event "Late-Titled-Tuesday-Blitz-April-30-2024"]
[Site "Chess.com"]
[Date "2024.04.30"]
[Round "3"]
[White "Nemsko"]
[Black "Russian_berezka"]
[Result "1-0"]
[WhiteElo "2452"]
[BlackElo "2617"]
[TimeControl "180+1"]
[EndTime "14:29:28 PDT"]
[Termination "Nemsko won by resignation"]

1. e4 c5 2. Nf3 d6 3. d4 cxd4 4.
Nxd4 Nf6 5. Nc3 a6 6. Be3 e5 7. Nb3 Be7 8. h3 Be6 9. Qf3 h5 10.
O-O-O Nbd7 11. Qg3 g6 12. f4 Rc8 13. Bd3 b5 14.
Kb1 h4 15. Qf2 b4 16. Na4 exf4 17. Bxf4 Nh5 18. Be3 Ne5 19. Bxa6 Ra8 20. Bb5+ Kf8 21. Nb6 Rb8 22. Bd3 Kg7 23. Nd5 Bxd5 24. exd5 Ng3 25.
Rhe1 Qd7 26. Bd4 Bf6 27. Nc5 Qc7 28. Ne4 Nxe4 29. Bxe4 Ra8 30. Rf1 Bg5 31. Bxe5+ dxe5 32. d6 Qa7 33. Bxa8 Rxa8 34. Qxa7 Rxa7 35. d7 Bd8 36.
Rd5 f6 37. Re1 Kf7 38. Re4 Ke6 39. Rd3 Rb7 40. Rxh4 f5 41. Rh8 Ke7 42. Re8+ Kf6 43. Rxd8 1-0